 Dungeon Crawl Stone Soup version 0.18.1-50-g88ac8fd (webtiles) character file.

207 mgeorgiev the Sneak (level 6, -1/36 HPs)
             Began as a Kobold Assassin on May 18, 2017.
             Slain by Natasha (5 damage)
             ... on level 4 of the Dungeon.
             The game lasted 00:17:07 (2992 turns).

mgeorgiev the Sneak (Kobold Assassin)               Turns: 2992, Time: 00:17:07

Health: -1/36      AC:  4    Str:  9    XL:     6   Next: 10%
Magic:  6/6        EV: 14    Int: 11    God:
Gold:   152        SH:  0    Dex: 18    Spells: 0 memorised, 5 levels left

rFire  + . .     SeeInvis .     a - +2 dagger
rCold  x . .     Gourm    .     k - +0 ring mail
rNeg   . . .     Faith    .     (shield restricted)
rPois  .         Spirit   .     (no helmet)
rElec  .         Dismiss  .     d - +0 cloak
rCorr  .         Reflect  .     g - +0 pair of gloves
SustAt .         Harm     .     (no boots)
MR     .....                    (no amulet)
Stlth  ++++......               (no ring)
                                p - ring of fire

@: not resistant to hostile enchantments, stealthy
A: carnivore 3, clever 1, clumsy 1, deformed body
a: no special abilities


You were on level 4 of the Dungeon.
You were full.

You visited 1 branch of the dungeon, and saw 4 of its levels.

You collected 152 gold pieces.

Inventory:

Hand Weapons
 a - a +2 dagger (weapon)
 b - a +0 blowgun
 m - a +1 mace of holy wrath
Missiles
 e - 8 poisoned needles
 f - 2 curare-tipped needles
Armour
 c - a +0 robe
 d - a +0 cloak (worn)
 g - a +0 pair of gloves (worn)
 k - a +0 ring mail (worn)
Jewellery
 p - a ring of fire (left hand)
Scrolls
 i - a scroll of identify
 j - a scroll of enchant armour {unknown}
 o - a scroll of recharging {unknown}
 q - a scroll of noise


   Skills:
 + Level 2.5 Fighting
 * Level 3.8 Short Blades
 + Level 2.5 Throwing
 + Level 1.1 Armour
 * Level 3.2 Dodging
 * Level 7.5 Stealth


You had 5 spell levels left.
You didn't know any spells.

Dungeon Overview and Level Annotations

Branches:
Dungeon (4/15)
 Temple: D:4-7

Altars:
Elyvilon
Gozag
Nemelex Xobeh

Shops:
D:4 (%[(

Annotations:
D:4 Natasha


Innate Abilities, Weirdness & Mutations

You are small and have problems with some larger weapons.
You are carnivorous and can eat meat at any time.
Your mind is acute. (Int +2)
You are clumsy. (Dex -2)
Armour fits poorly on your strangely shaped body.


Message History

Found a bread ration.
You see here a club.
You continue eating. x2
You finish eating.
That royal jelly was delicious!
Found Ohucseimp's Antique Weapon Shop.
There is an entrance to Ohucseimp's Antique Weapon Shop here.
Natasha, Servant of Life and Death comes into view.
Found 18 gold pieces and a purple potion.
Your magical contamination has completely faded away.
Natasha wildly gestures.
Natasha shimmers violently.
Natasha casts a spell.
Natasha casts a spell.
Natasha claws you!
* * * LOW HITPOINT WARNING * * *
You closely miss Natasha. You hit Natasha but do no damage. Natasha claws you.
* * * LOW HITPOINT WARNING * * *
You completely miss Natasha. Natasha claws you.
You die...

### ##...###..
#.# ##..%....#
#..####..###...#
#......## ..#
####..## .# #..#
. #∩.# #..# ##@#
#h# #5#####.#
#5......#
#........#
.$.........
##.........#
#.........#
##....###..


You could see Natasha, a crimson imp and a shadow imp.

Vanquished Creatures
  An orc wizard (D:4)
  2 worker ants (D:4)
  7 adders
  An adder skeleton (D:4)
  6 orcs
  3 bats
  4 giant cockroaches
  10 goblins
  4 hobgoblins
  6 jackals
  4 quokkas
  3 ball pythons
  3 giant newts
  3 kobolds
  7 rats
64 creatures vanquished.

Vanquished Creatures (others)
  A goblin (D:2)
1 creature vanquished.

Grand Total: 65 creatures vanquished

Notes
Turn   | Place    | Note
--------------------------------------------------------------
     0 | D:1      | mgeorgiev the Kobold Assassin began the quest for the Orb.
     0 | D:1      | Reached XP level 1. HP: 12/12 MP: 1/1
   186 | D:1      | Reached XP level 2. HP: 17/17 MP: 2/2
   778 | D:2      | Found a white marble altar of Elyvilon.
   846 | D:2      | Reached skill level 6 in Stealth
   874 | D:2      | Reached XP level 3. HP: 16/21 MP: 3/3
   940 | D:2      | Reached XP level 4. HP: 20/26 MP: 4/4
  1500 | D:3      | Reached skill level 7 in Stealth
  1539 | D:3      | Found a sparkling altar of Nemelex Xobeh.
  1612 | D:3      | Found an opulent altar of Gozag.
  1983 | D:3      | Found a faded altar to an unknown god.
  2020 | D:3      | Reached XP level 5. HP: 26/30 MP: 5/5
  2569 | D:4      | Found Bof Laxtal's Food Shoppe.
  2592 | D:4      | Found Adghol's Antique Armour Emporium.
  2597 | D:4      | Found Ireruta's Antique Weapon Shop.
  2838 | D:4      | Gained mutation: Your mind is acute. (Int +2) [potion of mutation]
  2838 | D:4      | Gained mutation: You are clumsy. (Dex -2) [potion of mutation]
  2838 | D:4      | Gained mutation: Armour fits poorly on your strangely shaped body. [potion of mutation]
  2842 | D:4      | Reached skill level 1 in Armour
  2842 | D:4      | Reached XP level 6. HP: 4/36 MP: 6/6
  2964 | D:4      | Found Ohucseimp's Antique Weapon Shop.
  2979 | D:4      | Noticed Natasha
  2992 | D:4      | Slain by Natasha

Skill      XL: |  1  2  3  4  5 |
---------------+----------------+-----
Short Blades   | 3 |  3.8
Stealth        | 6 7 |  7.5
Dodging        | 2 3 |  3.2
Armour         | 1 |  1.1
Fighting       | |  2.5
Throwing       | |  2.5

Action                   |  1- 3 |  4- 6 || total
-------------------------+-------+-------++-------
Melee: Dagger            |    71 |   206 ||   277
  Use: Potion            |       |     8 ||     8
       Scroll            |       |     3 ||     3
 Stab: Sleeping          |     7 |     6 ||    13
       Invisible         |       |     1 ||     1
  Eat: Chunk             |       |     4 ||     4
       Meat ration       |       |     1 ||     1
       Royal jelly       |       |     1 ||     1
Armor: Robe              |     3 |       ||     3
       Ring mail         |    11 |    73 ||    84
Dodge: Dodged            |    47 |   132 ||   179
